 Dungeon Crawl Stone Soup version 0.24.0-13-gcf9b3192b9 (webtiles) character file.

Game seed: 17493832536656356603, levelgen mode: deterministic

17 Matador8 the Grave Robber (level 2, -2/15 HPs)
             Began as a Vampire Necromancer on Nov 5, 2019.
             Slain by an adder (3 damage)
             ... on level 2 of the Dungeon.
             The game lasted 00:02:28 (332 turns).

Matador8 the Grave Robber (Vampire Necromancer)      Turns: 332, Time: 00:02:29

Health: -2/15      AC:  2    Str:  7    XL:     2   Next: 44%
Magic:  0/5        EV: 12    Int: 17    God:
Gold:   6          SH:  0    Dex: 14    Spells: 4/6 levels left

rFire    . . .     SeeInvis +   e - +0 dagger
rCold    + + .     Gourm    .   (no shield)
rNeg     + + +     Faith    .   a - +0 robe
rPois    ∞         Spirit   .   (no helmet)
rElec    .         Reflect  .   (no cloak)
rCorr    .         Harm     .   (no gloves)
MR       .....                  (no boots)
Stlth    ++++......             (no amulet)
HPRegen  0.00/turn              (no ring)
MPRegen  0.09/turn              (no ring)

@: lethally poisoned (-2 -> -2), bloodless, regenerating quickly
A: no food, fangs 3, see invisible, unbreathing
a: Revivify


You were on level 2 of the Dungeon.
You were bloodless.

You visited 1 branch of the dungeon, and saw 2 of its levels.

You collected 6 gold pieces.

Inventory:

Hand Weapons
 e - a +0 dagger (weapon)
Armour
 a - a +0 robe (worn)
 b - a +0 leather armour
 c - a +0 ring mail
Potions
 d - a potion of might {unknown}
 f - a potion of heal wounds {unknown}


   Skills:
 - Level 2.1 Dodging
 - Level 3.0 Stealth
 + Level 2.5 Spellcasting
 + Level 4.8 Necromancy


You had 4 spell levels left.
You knew the following spells:

 Your Spells              Type           Power        Failure   Level  Hunger
a - Pain                  Necr           ###.         2%          1    N/A
b - Animate Skeleton      Necr           N/A          2%          1    N/A

Your spell library contained the following spells:

 Spells                   Type           Power        Failure   Level  Hunger
 Vampiric Draining        Necr           ###.......   8%          3    N/A
 Regeneration             Chrm/Necr      ##........   21%         3    N/A
 Animate Dead             Necr           N/A          26%         4    N/A

Dungeon Overview and Level Annotations

Branches:
Dungeon (1/15)

Altars:


Innate Abilities, Weirdness & Mutations

You do not eat.
You do not regenerate when monsters are visible.
You are frail without blood (-20% HP).
You can heal yourself when you bite living creatures.
You are immune to poison.
You have razor-sharp teeth.
You have supernaturally acute eyesight. (SInv)
You can survive without breathing.


Message History

Casting: Pain (safe; 2% risk of failure)
Confirm with . or Enter, or press ? or * to list all spells.
Aiming: Pain (safe; 2% risk of failure)
Press: ? - help, Shift-Dir - straight line, f/p - adder
Aim: an adder (moderately wounded, chance to defeat MR: 84%)
The adder writhes in agony.
The adder barely misses you. The adder bites you.
* * * LOW HITPOINT WARNING * * *
The adder bites you.
* * * LOW HITPOINT WARNING * * *
You see here a giant cockroach corpse.
The adder completely misses you. The adder misses you.
Casting: Pain (safe; 2% risk of failure)
Confirm with . or Enter, or press ? or * to list all spells.
Aiming: Pain (safe; 2% risk of failure)
Press: ? - help, Shift-Dir - straight line, f/p - adder
Aim: an adder (severely wounded, chance to defeat MR: 84%)
The adder barely resists.
The adder barely misses you. The adder bites you.
You die...

#%# #.# #.# ###
#.# #... #.#
#... #.# #..#
#.####..#
########......#
........@S...##
........###..#
#.###.#.# #..+
#.#%# #..# #
#.# #..##
#.###w..#
#.#.†.#..#
#.#.#.....#
#.#.#.###...


You could see an adder.

Vanquished Creatures
  An adder (D:2)
  2 bats (D:2)
  3 giant cockroaches
  A hobgoblin (D:1)
  A rat (D:1)
8 creatures vanquished.

Notes
Turn   | Place    | Note
-------+----------+-------------------------------------------
     0 | D:1      | Matador8 the Vampire Necromancer began the quest for the
                  | Orb.
     0 | D:1      | Reached XP level 1. HP: 13/13 MP: 3/3
    17 | D:1      | Learned a level 1 spell: Animate Skeleton
   227 | D:1      | You fall into a shaft and drop 1 floor!
   271 | D:2      | Reached XP level 2. HP: 19/19 MP: 0/5
   332 | D:2      | Slain by an adder

Levels and vault maps discovered:
D:1:      lightli_arrival_quake, layout_basic, chequers_avenue
D:2:      layout_loops_ring, gammafunk_temple_overflow_claw, first_ration,
          uniq_sigmund, uniq_crazy_yiuf_cottage

Action                   || total
-------------------------++-------
Melee: Dagger            ||     4
 Cast: Pain              ||    13
       Animate Skeleton  ||     3
 Abil: Exsanguinate      ||     1
 Stab: Sleeping          ||     2
Armor: Robe              ||     3
Dodge: Dodged            ||    13
